 Dungeon Crawl Stone Soup version 0.24-a0-584-g9d6b971ae4 (webtiles) character file.

Game seed: 12454800236050870088, levelgen mode: deterministic

48 DavidChitty2 the Sneak (level 3, 0/37 HPs)
             Began as an Octopode Assassin on Sept 2, 2019.
             Succumbed to an adder's poison
             ... on level 2 of the Dungeon.
             The game lasted 00:02:43 (1017 turns).

DavidChitty2 the Sneak (Octopode Assassin)          Turns: 1017, Time: 00:02:44

Health: 0/37       AC: 21    Str: 10    XL:     3   Next: 72%
Magic:  3/3        EV:  2    Int: 13    God:
Gold:   85         SH:  0    Dex: 14    Spells: 2/2 levels left

rFire    + . .     SeeInvis .   a - +2 dagger
rCold    + . .     Gourm    .   (no shield)
rNeg     + + +     Faith    .   (helmet currently unavailable)
rPois    +         Spirit   .   (no amulet)
rElec    +         Reflect  .   (no ring)
rCorr    +         Harm     .   (no ring)
MR       .....     NoTele   +   (no ring)
Stlth    +++.......             (no ring)
HPRegen  0.12/turn              (no ring)
MPRegen  0.08/turn              (no ring)
                                (no ring)
                                (no ring)

@: lethally poisoned (0 -> -1), tree-form, resistant
A: almost no armour, stealthy swim, (amphibious), 8 rings, (constrict 8)
a: no special abilities


You were on level 2 of the Dungeon.
You were not hungry.
You were a tree.
You visited 1 branch of the dungeon, and saw 2 of its levels.

You collected 85 gold pieces.

Inventory:

Hand Weapons
 a - a +2 dagger (weapon)
 h - a +1 dagger of venom
   (You found it on level 1 of the Dungeon)
 l - a +0 dagger of holy wrath
   (You found it on level 1 of the Dungeon)
Missiles
 b - 18 poisoned darts (quivered)
 c - 2 curare-tipped darts {!f}
Scrolls
 g - a scroll of fear {unknown}
 i - a scroll of identify {unknown}
 j - a scroll of magic mapping {unknown}
Comestibles
 e - 4 rations {!d}
 f - 4 chunks of flesh


   Skills:
 + Level 2.4 Fighting
 * Level 2.8 Short Blades
 + Level 2.3 Throwing
 + Level 1.5 Dodging
 + Level 5.6 Stealth


You had 2 spell levels left.
You didn't know any spells.
Your spell library was empty.

Dungeon Overview and Level Annotations

Branches:
Dungeon (2/15)

Altars:
Elyvilon


Innate Abilities, Weirdness & Mutations

You cannot wear most types of armour.
You are very stealthy in the water. (Stealth+)
((You are amphibious.))
You can wear up to eight rings at the same time.
((You can use your tentacles to constrict eight enemies at once.))
((Your skin changes colour to match your surroundings (Stealth+).))
((Your rubbery body absorbs attacks. (AC +1, EV +1)))


Message History

The giant cockroach bites you but does no damage.
The adder bites you but does no damage.
You hit the adder.
The giant cockroach bites you but does no damage.
The adder completely misses you.
You barely miss the adder.
The giant cockroach bites you but does no damage.
The adder barely misses you.
You barely miss the adder.
* * * LOW HITPOINT WARNING * * *
You feel sick.
The giant cockroach bites you but does no damage.
The adder completely misses you.
You hit the adder but do no damage.
The giant cockroach bites you but does no damage.
The adder bites you but does no damage.
Some of the chunks of flesh in your inventory have rotted away.
You miss the adder. The adder bites you but does no damage.
The giant cockroach bites you but does no damage.
You miss the adder. The adder bites you but does no damage.
The giant cockroach bites you but does no damage.
The adder bites you but does no damage.
The giant cockroach bites you but does no damage.
You barely miss the adder.
* * * LOW HITPOINT WARNING * * *
You feel sick.
The giant cockroach bites you but does no damage.
The adder bites you but does no damage.
You closely miss the adder. The adder bites you but does no damage.
The giant cockroach barely misses you.
You aren't carrying any potions.
You hit the adder. The adder bites you but does no damage.
The giant cockroach bites you but does no damage.
You closely miss the adder. The adder barely misses you.
The giant cockroach bites you but does no damage.
Okay, then.
You hit the adder.
* * * LOW HITPOINT WARNING * * *
You feel sick. The adder bites you but does no damage.
The giant cockroach bites you but does no damage.
You barely miss the adder. The adder bites you but does no damage.
The giant cockroach bites you but does no damage.
Unknown command.
You hit the adder.
You kill the adder!
The giant cockroach bites you but does no damage.
You cannot move.
Unknown command.
The giant cockroach bites you but does no damage.
You die...

......###..####...####.#
.....####.###≈≈...≈≈# .#
.....w....###≈..♣r[≈##.#
#.......#......÷.....#.#
..^.....#.#...♣._.♣....#
.......................#
........##..#≈..♣..≈#).#
.....#...÷.##≈≈.†s≈≈#.##
........###.###.♣.###.#
....#.#.# .# ##.###.##
...... .# .# #.....# .
.# #####.# .# #.# .# #.#
#.# ......... #.#
.........# #.#


You could see a giant cockroach and a neutral quokka (wandering).

Vanquished Creatures
  An adder (D:2)
  An ooze (D:1)
  2 leopard geckos (D:1)
  2 bats (D:1)
  A giant cockroach (D:1)
  4 goblins
  8 hobgoblins
  A jackal (D:1)
  3 kobolds
  A ball python (D:1)
  2 frilled lizards (D:1)
  3 rats (D:1)
29 creatures vanquished.

Vanquished Creatures (others)
  A quokka (D:2)
1 creature vanquished.

Grand Total: 30 creatures vanquished

Notes
Turn   | Place    | Note
-------+----------+-------------------------------------------
     0 | D:1      | DavidChitty2 the Octopode Assassin began the quest for the
                  | Orb.
     0 | D:1      | Reached XP level 1. HP: 14/14 MP: 1/1
    73 | D:1      | Reached XP level 2. HP: 14/19 MP: 2/2
   709 | D:1      | Reached XP level 3. HP: 24/24 MP: 3/3
   938 | D:2      | Found a white marble altar of Elyvilon.
  1009 | D:2      | HP: 1/37 [poisoned by an adder]
  1017 | D:2      | Succumbed to an adder's poison

Levels and vault maps discovered:
D:1:      dpeg_arrival_water_temple_mockup, layout_loops_ring,
          palyth_stone_intersect, minmay_distorted
D:2:      layout_rooms, elyvilon_altar_4

Action                   || total
-------------------------++-------
Melee: Dagger            ||    50
       Constrict         ||     7
       Tentacles         ||     6
  Use: Potion            ||     2
 Stab: Sleeping          ||    16
Armor: Skin              ||    32
Dodge: Dodged            ||    14

Table legend:
 A = Non-vault XP
 B = Vault XP
 C = Vault XP percentage of total XP
 D = Non-vault monster count
 E = Vault monster count
 F = Vault count percentage of total count
                 A         B        C        D         E       F
            +---------+---------+-------+---------+---------+-------
      Total |      59 |      10 |  14.5 |      26 |       3 |  10.3
            +---------+---------+-------+---------+---------+-------
        D:1 |      38 |      10 |  20.8 |      21 |       3 |  12.5
        D:2 |      21 |       0 |   0.0 |       5 |       0 |   0.0
            +---------+---------+-------+---------+---------+-------
